 Dungeon Crawl Stone Soup version 0.29.1-15-g9cfb28693d (webtiles) character file.

Game seed: 5128136745648477849

7786 Gabide the Covert (level 11, -4/106 HPs)
             Began as a Naga Monk on Feb 22, 2023.
             Was an Elder of Dithmenos.
             Slain by a yak (7 damage)
             ... on level 1 of the Lair of Beasts.
             The game lasted 00:31:22 (11553 turns).

Gabide the Covert (Naga Monk)                      Turns: 11553, Time: 00:31:23

Health: -4/106     AC:  9    Str: 14    XL:     11   Next: 20%
Magic:  11/11      EV: 14    Int: 11    God:    Dithmenos [****..]
Gold:   50         SH:  0    Dex: 17    Spells: 10/10 levels left

rFire   . . .      SeeInvis +   b - +7 long sword of Eternity {vorpal, rC+ Will+}
rCold   + . .      Faith    .   (no shield)
rNeg    . . .      Spirit   .   e - +2 robe
rPois   +          Reflect  .   r - +2 helmet
rElec   .          Harm     .   (no cloak)
rCorr   .          Rampage  .   (no gloves)
Will    +++..                   (no barding)
Stlth   ++++++++++              (no amulet)
HPRegen 0.27/turn               p - ring of willpower
MPRegen 0.12/turn               h - ring of Shadows {Umbra +Inv Stlth+}

@: hasted, wreathed by umbra, studying Throwing, quick
A: AC +3, large, see invisible, deformed body, poison resistance, slowness 2,
spit poison 1, naga tail 1
a: Spit Poison, Renounce Religion, Evoke Invisibility, Shadow Step


You were on level 1 of the Lair of Beasts.
You worshipped Dithmenos.
Dithmenos was greatly pleased with you.
You visited 3 branches of the dungeon, and saw 10 of its levels.

You collected 523 gold pieces.
You spent 473 gold pieces at shops.

Inventory:

Hand Weapons
 a - a +3 short sword of electrocution
 b - the +7 long sword of Eternity (weapon) {vorpal, rC+ Will+}
   (You found it on level 1 of the Lair of Beasts)

   It inflicts extra damage upon your enemies.
   rC:        It protects you from cold.
   Will:      It increases your willpower.
 G - a +0 sling of flaming
Armour
 c - a +1 leather armour of cold resistance
 e - a +2 robe (worn)
 i - the +7 Kryia's mail coat {PotionHeal*2 rC+}
   (You found it on level 2 of the Dungeon)

   Potions are twice as effective at healing its wearer.
   rC:        It protects you from cold.
 r - a +2 helmet (worn)
Jewellery
 h - the ring of Shadows (right hand) {Umbra +Inv Stlth+}
   (You found it on level 2 of the Dungeon)

   [ring of stealth]

   It surrounds you with an aura of shadow, increasing your stealth and reducing
   the accuracy of all others within it.
   +Inv:      It lets you turn invisible.
   Stlth:     It makes you more stealthy.
 k - a ring of resist corrosion
 o - a ring of protection from fire
 p - a ring of willpower (left hand)
 u - a ring of willpower
Wands
 f - a wand of roots (17)
 l - a wand of polymorph (5)
 q - a wand of digging (6)
 y - a wand of quicksilver (10)
 B - a wand of paralysis (5)
Scrolls
 v - 4 scrolls of magic mapping
 w - a scroll of butterflies
 z - 2 scrolls of blinking
 A - a scroll of silence
 C - a scroll of amnesia
 E - a scroll of teleportation
 H - a scroll of vulnerability
Potions
 d - a potion of heal wounds
 g - 5 potions of curing
 j - 2 potions of flight {unknown}
 m - 3 potions of attraction
 n - 2 potions of brilliance {unknown}
 s - 4 potions of haste
 t - a potion of magic {unknown}
 x - 4 potions of degeneration {unknown}
 D - 3 potions of lignification {unknown}
 F - a potion of might


   Skills:
 + Level 9.1 Fighting
 + Level 9.1 Short Blades
 + Level 7.6 Dodging
 + Level 13.4 Stealth


You had 10 spell levels left.
You didn't know any spells.
Your spell library contained the following spells:

 Spells                   Type           Power      Damage    Failure   Level
 Necrotise                Necr           0%         1d4       34%         1
 Sandblast                Erth           0%         2d4       34%         1
 Summon Small Mammal      Summ           0%         N/A       34%         1
 Passwall                 Tmut/Erth      0%         N/A       47%         2
 Static Discharge         Conj/Air       0%         3-3/arc   47%         2
 Call Canine Familiar     Summ           0%         N/A       71%         3
 Gell's Gravitas          Tloc           0%         N/A       71%         3
 Lesser Beckoning         Tloc           0%         N/A       71%         3
 Stone Arrow              Conj/Erth      0%         3d7       71%         3
 Summon Guardian Golem    Hex/Summ       0%         N/A       71%         3
 Teleport Other           Tloc           0%         N/A       71%         3
 Tukima's Dance           Hex            0%         N/A       71%         3
 Vampiric Draining        Necr           0%         2d6       71%         3
 Passage of Golubria      Tloc           0%         N/A       98%         4
 Agony                    Necr           0%         N/A       100%        5
 Blade Hands              Tmut           0%         N/A       100%        5
 Fireball                 Conj/Fire      0%         3d3       100%        5
 Irradiate                Conj/Tmut      0%         3d11      100%        5
 Iskenderun's Battlesphe  Conj           0%         2d6       100%        5
 Lightning Bolt           Conj/Air       0%         1d11      100%        5
 Yara's Violent Unravell  Hex/Tmut       0%         3d3       100%        5
 Conjure Ball Lightning   Conj/Air       0%         3x3d6     100%        6
 Dragon Form              Tmut           0%         N/A       100%        7
 Orb of Destruction       Conj           0%         9d5       100%        7
 Maxwell's Capacitive Co  Air            0%         ∞         100%        8


Dungeon Overview and Level Annotations

Branches:
Dungeon (8/15)             Temple (1/1) D:4            Lair (1/5) D:8

Altars:
Cheibriados
Dithmenos
Elyvilon
Fedhas
Gozag
Hepliaklqana
Kikubaaqudgha
Makhleb
Okawaru
Ru
Sif Muna
Trog
Uskayaw
Vehumet
Wu Jian
Xom
Yredelemnul
Zin
The Shining One

Shops:
D:2 !(?*


Innate Abilities, Weirdness & Mutations

Your serpentine skin is tough. (AC +3)
You have supernaturally acute eyesight. (SInv)
Armour fits poorly on your strangely shaped body.
Your system is resistant to poisons. (rPois)
You cover ground very slowly.
You can spit poison.
You have a snake-like lower body.


Message History

The yak is moderately wounded.
The yak gores you! The yak misses you. The yak barely misses you.
The yak gores you!
You barely miss the yak.
The yak is moderately wounded.
The yak gores you!
The yak closely misses you. x2; The yak barely misses you.
Aiming: Fastroot
Press: ? - help, Shift-Dir - straight line, f - yak, p - yak
Aim: a yak (umbra)
The roots erupt in riotous growth!
Roots grab the yak.
Roots grab the yak. x5
The grasping roots constrict the yak. x6
The yak struggles to escape constriction.
The yak gores you! The yak gores you.
The yak struggles to escape constriction.
The yak completely misses you.
Unknown command.
You slash the yak!
You kill the yak!
Dithmenos accepts your kill.
The grasping roots constrict the yak! x2; The grasping roots constrict the yak. x3
The roots release their grip on the yak. x4
The yak gores you but does no damage. The yak gores you!
The yak gores you but does no damage.
You slash the yak!
The yak is almost dead.
The grasping roots constrict the yak!
You kill the yak!
Dithmenos accepts your kill. The yak completely misses you.
The yak gores you but does no damage. The yak barely misses you.
The yak gores you.
* * * LOW HITPOINT WARNING * * *
The yak gores you but does no damage. The yak closely misses you.
You feel yourself speed up. The yak gores you!
* * * LOW HITPOINT WARNING * * *
The yak gores you but does no damage. The yak gores you!
* * * LOW HITPOINT WARNING * * *
The yak gores you!
You die...

#..................
#..................
#...##+.P#.....##P'
#...#.........##...
#...#....#....#....
#...#....#.....#...
#...#..... ........
#........#.....#...
#.@Y..........##...
#.YYY#....# ...
#... ##(...###+.
#...... #.......
#.........
#.........
#.........


You could see 4 yaks.

Vanquished Creatures
  A hydra (Lair:1)
  A komodo dragon (Lair:1)
  4 blink frogs (Lair:1)
  4 wyverns
  6 yaks
  A basilisk (D:8)
  10 water moccasins
  A sky beast (D:7)
  2 ice beasts (D:7)
  8 black bears
  5 ogres
  A wolf (D:7)
  4 centaurs
  A kobold brigand (D:7)
  3 bullfrogs
  2 necrophages
  3 wights
  6 killer bees
  2 electric eels (D:6)
  A howler monkey (D:6)
  2 jellies
  3 orc priests
  3 hounds (D:4)
  An iron imp (D:8)
  4 iguanas
  7 orc wizards
  Robin (D:4)
  4 gnolls
  4 adders
  A shadow imp (D:7)
  3 white imps
  An ufetubus (D:5)
  A worm (D:3)
  2 dart slugs (D:1)
  39 orcs
  2 endoplasms (D:4)
  5 giant cockroaches
  23 goblins
  15 hobgoblins
  6 jackals
  5 quokkas
  3 ball pythons
  3 bats
  4 frilled lizards
  7 kobolds
  4 rats
219 creatures vanquished.

Vanquished Creatures (others)
  A white imp (D:6)
  An orc (D:6)
  3 fungi
  26 plants
31 creatures vanquished.

Grand Total: 250 creatures vanquished

Notes
Turn   | Place    | Note
-------+----------+-------------------------------------------
     0 | D:1      | Gabide the Naga Monk began the quest for the Orb.
     0 | D:1      | Reached XP level 1. HP: 21/21 MP: 1/1
   223 | D:1      | Reached XP level 2. HP: 19/28 MP: 2/2
   649 | D:1      | Reached XP level 3. HP: 34/34 MP: 3/3
   810 | D:2      | Found Jeemnesu's Magic Scroll Shop.
   814 | D:2      | Bought a scroll of identify for 22 gold pieces
   906 | D:2      | Found the ring of Shadows {Umbra +Inv Stlth+}
   946 | D:2      | Found Doehacka's Weapon Emporium.
   946 | D:2      | Found the +7 Kryia's mail coat {PotionHeal*2 rC+}
  1334 | D:2      | Found Ostemup's Distillery.
  1345 | D:2      | Reached skill level 4 in Stealth
  1478 | D:2      | Found Noph's Assorted Antiques.
  1503 | D:2      | Bought a glowing orange potion for 22 gold pieces
  1503 | D:2      | Bought a scroll labelled GAOR FOAFEPSUD for 25 gold pieces
  1698 | D:3      | Reached XP level 4. HP: 42/42 MP: 4/4
  2034 | D:3      | Reached XP level 5. HP: 48/50 MP: 5/5
  2481 | D:2      | Bought a scroll of enchant armour for 82 gold pieces
  2555 | D:4      | You fall into a shaft and drop 3 floors!
  2640 | D:6      | Found a shimmering altar of Xom.
  2688 | D:6      | Reached skill level 5 in Stealth
  2720 | D:5      | Entered Level 5 of the Dungeon
  2720 | D:5      | Noticed an ogre
  2735 | D:5      | Killed an ogre
  2736 | D:5      | Reached XP level 6. HP: 43/57 MP: 6/6
  3030 | D:5      | Reached skill level 6 in Stealth
  3099 | D:5      | Noticed a black bear
  3108 | D:5      | Reached XP level 7. HP: 62/66 MP: 7/7
  3328 | D:5      | Noticed Eustachio
  3331 | D:5      | Noticed Eustachio
  3331 | D:5      | Eustachio changed into Eustachio the water moccasin
  3344 | D:5      | Killed Eustachio the water moccasin
  3345 | D:5      | Reached skill level 5 in Fighting
  3345 | D:5      | Reached skill level 5 in Short Blades
  3706 | D:5      | Reached skill level 7 in Stealth
  3891 | D:4      | Identified the +1 chain mail of the Tundras {Str+4 Int+4
                  | Dex-2}
  3957 | D:4      | Found a blossoming altar of Fedhas.
  3969 | D:4      | Noticed Duvessa
  3970 | D:4      | Noticed Duvessa
  3970 | D:4      | Duvessa changed into Duvessa the ogre
  3985 | D:4      | Killed Duvessa the ogre
  3986 | D:4      | Reached XP level 8. HP: 71/74 MP: 8/8
  4028 | D:4      | Noticed Dowan
  4030 | D:4      | Noticed Dowan
  4030 | D:4      | Dowan changed into Dowan the iguana
  4040 | D:4      | Killed Dowan the iguana
  4249 | D:4      | Found a sacrificial altar of Ru.
  4296 | D:4      | Found a staircase to the Ecumenical Temple.
  4305 | Temple   | Entered the Ecumenical Temple
  4310 | Temple   | Became a worshipper of Dithmenos the Shadowed
  4310 | Temple   | Reached * piety under Dithmenos
  4310 | Temple   | Reached ** piety under Dithmenos
  4375 | D:4      | Noticed Robin
  4392 | D:4      | Reached skill level 8 in Stealth
  4401 | D:4      | Killed Robin
  4497 | D:4      | Found a glowing golden altar of the Shining One.
  4975 | D:2      | Bought a potion of attraction for 42 gold pieces
  4975 | D:2      | Bought a potion of heal wounds for 70 gold pieces
  4975 | D:2      | Bought a potion of heal wounds for 70 gold pieces
  5137 | D:6      | HP: 3/76 [black bear (2)]
  5577 | D:6      | Reached skill level 5 in Dodging
  5694 | D:6      | Reached skill level 9 in Stealth
  5694 | D:6      | Reached XP level 9. HP: 37/82 MP: 9/9
  6184 | D:6      | HP: 1/84 [electric eel/bolt of electricity (13)]
  7222 | D:7      | Reached skill level 10 in Stealth
  7254 | D:7      | Found an opulent altar of Gozag.
  7622 | D:7      | Found a shimmering blue altar of Sif Muna.
  7651 | D:7      | Reached *** piety under Dithmenos
  8149 | D:7      | Reached skill level 11 in Stealth
  8159 | D:7      | Reached XP level 10. HP: 39/94 MP: 10/10
  9366 | D:8      | Reached skill level 12 in Stealth
  9526 | D:8      | Found a staircase to the Lair.
  9755 | D:8      | Reached **** piety under Dithmenos
 10028 | D:8      | Found a snail-covered altar of Cheibriados.
 10046 | D:8      | Found an iron altar of Okawaru.
 10198 | D:8      | Found a hazy altar of Hepliaklqana.
 10459 | D:2      | Bought a potion of haste for 140 gold pieces
 10591 | Lair:1   | Entered Level 1 of the Lair of Beasts
 11291 | Lair:1   | Reached XP level 11. HP: 103/104 MP: 11/11
 11324 | Lair:1   | Noticed a four-headed hydra
 11327 | Lair:1   | Killed a four-headed hydra
 11328 | Lair:1   | Reached skill level 13 in Stealth
 11429 | Lair:1   | Identified the +7 long sword of Eternity {vorpal, rC+
                  | Will+}
 11553 | Lair:1   | HP: 3/106 [yak (13)]
 11553 | Lair:1   | Slain by a yak

Illustrated notes

Levels and vault maps discovered:
D:1:      minmay_arrival_up_and_down, layout_loops_ring, skrybe_limestone_x,
          kennysheep_boxes
D:2:      layout_loops_cross, serial_shops, nicolae_shop_bloodbath_and_beyond,
          shop, nicolae_shop_trees, shop, cheibrodos_gnoll_hut
D:3:      layout_rooms, nicolae_concentric_dashed_squares_mild,
          minmay_quadrilaterals
D:4:      layout_loops_ring, fedhas_altar_2, nicolae_ru_sacrificial_ziggurat,
          old_standard_altar, minmay_temple_entry_junction,
          minmay_manual_monstrance, uniq_robin, uniq_duvessa
D:5:      layout_rooms, gup_sewer_entry_glass, hangedman_decor_clover_reticule,
          uniq_eustachio
D:6:      wad_lake_hut, layout_rooms, amcnicky_altar_gilded
D:7:      layout_loops_cross, mainiacjoe_overflow_brackets, grunt_gozag_statues
D:8:      layout_cave_pools, slow_altar_2, kennysheep_little_box,
          mainiacjoe_overflow_alcove_4, minmay_lair_entry_grove
Temple:   hellmonk_temple_micro_hex
Lair:1:   layout_regular_city

Skill      XL: |  1  2  3  4  5  6  7  8  9 10 11 |
---------------+----------------------------------+-----
Stealth        | 4 5 6 7 9 11 12 13 | 13.4
Dodging        | 3 4 5 6 7 |  7.6
Fighting       | 4 5 6 7 8 9 |  9.1
Short Blades   | 4 5 6 7 8 9 |  9.1

Action                   |  1- 3 |  4- 6 |  7- 9 | 10-12 || total
-------------------------+-------+-------+-------+-------++-------
Melee: Short sword       |    37 |    14 |   130 |   229 ||   410
       Punch             |     1 |       |     4 |     3 ||     8
       Rapier            |       |    35 |   251 |       ||   286
       Long sword        |       |       |       |     8 ||     8
 Fire: Sling             |    37 |    49 |    30 |       ||   116
 Abil: Spit Poison       |    29 |    26 |    48 |    17 ||   120
Evoke: Wand              |       |       |    11 |     3 ||    14
  Use: Scroll            |    10 |     5 |     8 |     2 ||    25
       Potion            |     1 |       |     5 |     6 ||    12
 Stab: Sleeping          |     2 |       |     9 |     9 ||    20
       Distracted        |       |       |     1 |       ||     1
Armor: Robe              |     3 |       |    87 |   113 ||   203
       Scale mail        |    17 |    51 |   128 |       ||   196
Dodge: Dodged            |    29 |    56 |   344 |   264 ||   693
